 Dungeon Crawl Stone Soup version 0.27.0-1-g7a089689b8 (webtiles) character file.

Game seed: 3671173477149242592

11 HungrySpirit the Caller (level 2, 0/23 HPs)
             Began as a Demigod Summoner on Aug 1, 2021.
             Slain by a hobgoblin (4 damage)
             ... on level 1 of the Dungeon.
             The game lasted 00:01:16 (1374 turns).

HungrySpirit the Caller (Demigod Summoner)          Turns: 1374, Time: 00:01:16

Health: 0/23       AC:  2    Str:  9    XL:     2   Next: 3%
Magic:  1/7        EV: 12    Int: 17    God:
Gold:   11         SH:  0    Dex: 14    Spells: 3/4 levels left

rFire    . . .     SeeInvis .   b - +0 dagger
rCold    . . .     Faith    .   (no shield)
rNeg     . . .     Spirit   .   a - +0 robe
rPois    .         Reflect  .   (no helmet)
rElec    .         Harm     .   (no cloak)
rCorr    .         Rampage  .   (no gloves)
Will     .....                  (no boots)
Stlth    ++........             (no amulet)
HPRegen  0.07/turn              (no ring)
MPRegen  0.10/turn              (no ring)

@: no status effects
A: high mp 1, forlorn
a: no special abilities


You were on level 1 of the Dungeon.
You visited 1 branch of the dungeon, and saw 1 of its levels.

You collected 11 gold pieces.

Inventory:

Hand Weapons
 b - a +0 dagger (weapon)
 e - a +0 war axe
Armour
 a - a +0 robe (worn)
Scrolls
 c - a scroll of vulnerability {unknown}
 d - a scroll of teleportation {unknown}


   Skills:
 + Level 1.6 Fighting
 - Level 1.7 Dodging
 - Level 1.7 Stealth
 - Level 1.7 Spellcasting
 - Level 3.6 Summonings


You had 3 spell levels left.
You knew the following spells:

 Your Spells              Type           Power      Damage    Failure   Level
a - Summon Small Mammal   Summ           52%        N/A       4%          1

Your spell library contained the following spells:

 Spells                   Type           Power      Damage    Failure   Level
 Call Imp                 Summ           13%        N/A       7%          2
 Call Canine Familiar     Summ           13%        N/A       14%         3
 Summon Guardian Golem    Hex/Summ       7%         N/A       28%         3
 Portal Projectile        Hex/Tloc       2%         N/A       52%         3
 Summon Lightning Spire   Summ/Air       7%         N/A       67%         4
 Blade Hands              Tmut           0%         N/A       99%         5
 Excruciating Wounds      Necr           0%         N/A       99%         5


Dungeon Overview and Level Annotations

Branches:
Dungeon (1/15)

Shops:
D:1 :


Innate Abilities, Weirdness & Mutations

Your attributes grow dramatically as you level up.
You have an increased reservoir of magic. (+10% MP)
You shall have no god before yourself.


Message History

Your bat closely misses the hobgoblin.
The hobgoblin closely misses you.
Your bat hits the hobgoblin. You closely miss the hobgoblin.
The hobgoblin is severely wounded.
Your bat closely misses the hobgoblin.
Your bat closely misses the hobgoblin.
Your bat hits the hobgoblin. The hobgoblin hits your bat.
Your bat dies!
Your bat's corpse disappears in a puff of smoke!
The hobgoblin shouts!
The ball python barely misses you. The ball python grabs you.
The ball python constricts you.
Casting: Summon Small Mammal (safe; 4% risk of failure)
Confirm with . or Enter, or press ? or * to list all spells.
The hobgoblin closely misses you. The ball python bites you.
The ball python constricts you.
You escape the ball python's grasp.
The hobgoblin hits you.
Your quokka bites the ball python.
The ball python bites your quokka. The ball python grabs your quokka.
The ball python constricts your quokka.
Your quokka barely misses the ball python.
The ball python bites your quokka. The ball python constricts your quokka.
Your quokka bites the ball python.
The ball python dies!
There is an open door here.
Casting: Summon Small Mammal (safe; 4% risk of failure)
Confirm with . or Enter, or press ? or * to list all spells.
The hobgoblin hits you.
* * * LOW HITPOINT WARNING * * *
Your quokka bites the hobgoblin but does no damage.
Your quokka completely misses the hobgoblin.
You hit the hobgoblin but do no damage.
The hobgoblin is severely wounded.
The hobgoblin hits you but does no damage.
Your quokka barely misses the hobgoblin.
Something closely misses your quokka.
You closely miss the hobgoblin.
The hobgoblin is severely wounded.
Your quokka bites the hobgoblin but does no damage.
The hobgoblin hits you.
You die...

#.####'### ####..⌠†......
#.# #...#
#..########......... #.#
#..^# #..#..........######
#.# #.<.# #..#..........#
#.# #...# ##..#..........#
#.# ##### ...#..........#
#.# ##..#..........#
#.##########.>###r#########
#..............@gg######
#######.......##r......#
#.......##.......#
+........'.......#
#.......##.......#
#.......##########
####+#........# .b
+....'........#
...####.#........#


You could see 2 hobgoblins and 2 friendly quokkas.

Vanquished Creatures
  A giant cockroach (D:1)
  A hobgoblin (D:1)
  2 frilled lizards (D:1)
4 creatures vanquished.

Vanquished Creatures (collateral kills)
  3 ball pythons (D:1)
  2 hobgoblins (D:1)
  2 quokkas (D:1)
  A kobold (D:1)
  A rat (D:1)
9 creatures vanquished.

Grand Total: 13 creatures vanquished

Notes
Turn   | Place    | Note
-------+----------+-------------------------------------------
     0 | D:1      | HungrySpirit the Demigod Summoner began the quest for the
                  | Orb.
     0 | D:1      | Reached XP level 1. HP: 14/14 MP: 5/5
    53 | D:1      | Found Icsuikk's Book Shoppe.
   559 | D:1      | Reached skill level 1 in Fighting
  1355 | D:1      | Reached XP level 2. HP: 14/23 MP: 1/7
  1374 | D:1      | Slain by a hobgoblin

Illustrated notes

Levels and vault maps discovered:
D:1:      dpeg_arrival_erosion, layout_basic, serial_shops,
          nicolae_shop_crystal, ebering_ecumenical_altar_abandoned,
          hangedman_feature_mirror

Skill      XL: |  1 |
---------------+----+-----
Fighting       | 1 |  1.6
Dodging        | |  1.7
Stealth        | |  1.7
Spellcasting   | |  1.7
Summonings     | |  3.6

Action                   || total
-------------------------++-------
Melee: Dagger            ||    37
 Cast: Summon Small Mamm ||    24
 Stab: Distracted        ||     1
Armor: Robe              ||    10
Dodge: Dodged            ||    32
